 Dungeon Crawl Stone Soup version 0.29.0-15-g675c0067aa (webtiles) character file.

Game seed: 2689108943079509562

36150 qw the Cleaver (level 13, -1/82 HPs)
             Began as a Gargoyle Fighter on Sept 11, 2022.
             Was a High Priest of Okawaru.
             Slain by a dire elephant (24 damage)
             ... on level 5 of the Lair of Beasts.
             The game lasted 00:06:20 (19616 turns).

qw the Cleaver (Gargoyle Fighter)                  Turns: 19616, Time: 00:06:21

Health: -1/82      AC: 47    Str: 26    XL:     13   Next: 88%
Magic:  20/20      EV:  7    Int:  8    God:    Okawaru [*****.]
Gold:   838        SH: 17    Dex:  9    Spells: 12/12 levels left

rFire   . . .      SeeInvis .   Y - +0 broad axe
rCold   . . .      Faith    .   w - +0 kite shield
rNeg    + . .      Spirit   .   n - +6 crystal plate armour
rPois   inf        Reflect  +   (no helmet)
rElec   +          Harm     .   y - +2 cloak
rCorr   .          Rampage  .   e - +0 pair of gloves
Will    .....                   a - +0 pair of boots
Stlth   ..........              q - amulet of reflection
HPRegen 0.23/turn               (no ring)
MPRegen 0.17/turn               (no ring)

@: about to teleport, heroic
A: sickness immunity, AC +9, negative energy resistance 1, electricity
resistance, torment resistance 1, petrification resistance, talons 1, noise
suppression
a: Renounce Religion, Heroism, Finesse, Duel


You were on level 5 of the Lair of Beasts.
You worshipped Okawaru.
Okawaru was extremely pleased with you.
You visited 3 branches of the dungeon, and saw 16 of its levels.

You collected 1059 gold pieces.
You spent 221 gold pieces at shops.


Innate Abilities, Weirdness & Mutations

You are immune to sickness and miasma.
Your stone body is resilient. (AC +9)
You are immune to poison.
You resist negative energy. (rN+)
You are resistant to electric shocks. (rElec)
You are resistant to unholy torment.
You are immune to petrification.
You have sharp toenails.
You passively dampen the noise of your surroundings.


   Skills:
 - Level 10.0(15.0) Fighting
 - Level 12.9(17.9) Axes
 - Level 5.0(10.0) Throwing
 - Level 11.1(16.1) Armour
 - Level 1.3(6.3) Dodging
 + Level 10.5(15.5) Shields
 - Level 10.0 Invocations


You had 12 spell levels left.
You didn't know any spells.
Your spell library was empty.

Inventory:

Hand Weapons
 g - a -1 demon whip of venom
 Y - a +0 broad axe (weapon)
Missiles
 c - 7 silver javelins (quivered)
 h - a silver boomerang
 o - 11 javelins
 s - 11 boomerangs
Armour
 a - a +0 pair of boots (worn)
 e - a +0 pair of gloves (worn)
 n - a +6 crystal plate armour (worn)
 w - a +0 kite shield (worn)
 y - a +2 cloak (worn)
Jewellery
 l - a ring of ice
 q - an amulet of reflection (around neck)
Scrolls
 j - a scroll of identify
 p - 2 scrolls of fog
Potions
 b - 3 potions of resistance
 d - 3 potions of might
 k - 2 potions of heal wounds
 m - a potion of attraction
 r - 2 potions of lignification
 t - a potion of mutation
 u - a potion of cancellation {unknown}
 v - 2 potions of haste
 x - a potion of magic {unknown}
 z - 3 potions of curing
 A - a potion of berserk rage {unknown}

Dungeon Overview and Level Annotations

Branches:
Dungeon (10/15)            Temple (1/1) D:7            Lair (5/5) D:10
  Swamp (0/4) Lair:2       Spider (0/4) Lair:3        Slime (0/5) Lair:4
    Orc: D:9-12

Altars:
Ashenzari
Cheibriados
Dithmenos
Elyvilon
Fedhas
Gozag
Hepliaklqana
Kikubaaqudgha
Makhleb
Nemelex Xobeh
Okawaru
Qazlal
Ru
Sif Muna
Trog
Uskayaw
Vehumet
Wu Jian
Xom
Yredelemnul
Zin
The Shining One

Shops:
D:7 *

Annotations:
D:2 1 runed translucent door, Crazy Yiuf
D:4 3 runed translucent doors, qw's ghost, weakling GrDe
D:6 3 runed translucent doors, qw's ghost, weakling GrDe
Lair:4 1 runed translucent door


Message History

The dire elephant barely misses you. You block the dire elephant's attack.
19612 ||| READING scroll of teleportation.
As you read the scroll of teleportation, it crumbles to dust.
You feel strangely unstable. You block the dire elephant's attack.
The dire elephant trunk-slaps you but does no damage.
You block the dire elephant's attack. The dire elephant misses you.
You block the dire elephant's attack. The dire elephant trunk-slaps you.
19613 ||| DRINKING 3 potions of heal wounds.
You feel much better. You block the dire elephant's attack.
The dire elephant trunk-slaps you. The dire elephant tramples you.
You hold your ground!
The dire elephant trunk-slaps you but does no damage.
The dire elephant tramples you but does no damage.
The dire elephant trunk-slaps you but does no damage.
You barely miss the dire elephant.
The dire elephant is heavily wounded.
You hit the dire elephant but do no damage. x2
You block the dire elephant's attack.
The dire elephant trunk-slaps you but does no damage.
You block the dire elephant's attack.
The dire elephant trunk-slaps you but does no damage.
You hit the dire elephant.
The dire elephant is heavily wounded.
You hit the dire elephant but do no damage. x2
You block the dire elephant's attack.
The dire elephant trunk-slaps you but does no damage.
You block the dire elephant's attack.
The dire elephant trunk-slaps you but does no damage.
The dire elephant tramples you but does no damage.
The dire elephant trunk-slaps you but does no damage.
You hit the dire elephant but do no damage.
The dire elephant is heavily wounded.
You hit the dire elephant but do no damage.
You slash the dire elephant!
The dire elephant tramples you but does no damage.
You block the dire elephant's attack. The dire elephant tramples you.
You hold your ground!
You block the dire elephant's attack. The dire elephant tramples you!!
You die...

######...............^#....P^....
....##...................7.....#.
#7.......7########'%'########7P.#
##7P...###...........%.....###P.
#777##..P#####8P}.8#####P..##7
####.###~.###8P8###pY###.#
####....#~~~~P#######8YY.. ...
#+#P...####P~~~~#8...8#$(...# ##.
#.#.####.8#.~~~Y@Y..$!#:$...#
#..P#.....'..~~~)Y..!|#8....+
#8..#....8##.~~##8...8##...##
##''#''######### ###### P......#
.....P.# ......## #.#..## ######


You could see 3 dire elephants.

Vanquished Creatures
  A dire elephant (Lair:5)
  Harold (Lair:2)
  Erica (Lair:1)
  A boulder beetle (Lair:5)
  6 hydras
  2 catoblepae
  A death yak (Lair:5)
  Urug (Lair:4)
  Amaemon (D:8)
  A spectral anaconda (Lair:5)
  2 bog bodies (Lair:2)
  A lindwurm (Lair:4)
  3 oklob plants
  A necromancer (Lair:5)
  2 elephants
  5 black mambas
  A gargoyle (D:7)
  An orange demon (D:8)
  2 torpor snails (Lair:5)
  8 cane toads
  4 rime drakes
  6 komodo dragons
  10 dream sheep
  2 wraiths (D:9)
  A vampire (D:10)
  27 yaks
  5 wyverns
  2 basilisks
  Menkaure (D:4)
  An acid dragon (D:9)
  21 water moccasins
  3 black bears
  An elephant zombie (Lair:5)
  3 orc warriors
  2 sky beasts (D:7)
  3 centaurs
  2 ogres
  18 wolves
  A phantom (D:6)
  2 kobold brigands
  14 bullfrogs
  3 gnoll sergeants
  2 necrophages
  A scorpion (D:6)
  7 wights
  6 killer bees (D:10)
  An electric eel (Lair:5)
  2 howler monkeys (D:8)
  3 hounds (D:5)
  2 jellies
  8 orc priests
  Natasha (D:1)
  3 iguanas
  Terence (D:2)
  10 orc wizards
  12 adders
  8 gnolls
  A shadow imp (D:6)
  5 white imps
  A worm (D:2)
  6 dart slugs
  29 orcs
  5 endoplasms
  6 giant cockroaches
  10 goblins
  3 hobgoblins
  2 jackals (D:3)
  2 quokkas
  7 ball pythons
  3 bats
  3 frilled lizards (D:3)
  18 kobolds
  3 rats
345 creatures vanquished.

Vanquished Creatures (others)
  16 fungi
  20 plants
  7 withered plants (Lair:5)
43 creatures vanquished.

Grand Total: 388 creatures vanquished

Notes
Turn   | Place    | Note
-------+----------+-------------------------------------------
     0 | D:1      | qw the Gargoyle Fighter began the quest for the Orb.
     0 | D:1      | Reached XP level 1. HP: 14/14 MP: 1/1
     0 | D:1      | 0 ||| qw: Version: 0.1-a-119-g272c26d
     0 | D:1      | 0 ||| qw: Game counter: 10690
     0 | D:1      | 0 ||| qw: Always use a shield: true
     0 | D:1      | 0 ||| qw: God list: Okawaru
     0 | D:1      | 0 ||| qw: Allow faded altars: false
     0 | D:1      | 0 ||| qw: Do Orc after D:15 true
     0 | D:1      | 0 ||| qw: Do second Lair branch before Depths: true
     0 | D:1      | 0 ||| qw: Lair rune preference: random
     0 | D:1      | 0 ||| qw: Plans: Normal, Zot, God:TSO, Crypt, Tomb, Pan,
                  | Slime, Hells, Zig, Abyss, Orb
     0 | D:1      | 0 ||| PLANNING D:1-11
   174 | D:1      | Reached skill level 2 in Axes
   288 | D:1      | 288 ||| Stepping ~*~*~tactically~*~*~ (hiding).
   297 | D:1      | Reached XP level 2. HP: 19/19 MP: 2/2
   819 | D:1      | Found a faded altar of an unknown god.
   891 | D:1      | 891 ||| UPGRADING to +0 cloak.
   896 | D:1      | 896 ||| READING 2 scrolls labelled PEECAN VAOWK.
   897 | D:1      | 897 ||| READING scroll labelled CUSAACONOT.
   898 | D:1      | 898 ||| DROPPING scroll of magic mapping.
   911 | D:2      | Noticed Natasha
   912 | D:2      | 912 ||| STAIRDANCE
   919 | D:2      | 919 ||| STAIRDANCE
   919 | D:2      | Noticed Terence
   923 | D:1      | HP: 4/19 [Natasha (8)]
   925 | D:1      | Killed Natasha
   926 | D:1      | Reached skill level 3 in Axes
   926 | D:1      | Reached XP level 3. HP: 5/23 MP: 3/3
  1181 | D:2      | 1181 ||| STAIRDANCE
  1198 | D:2      | Killed Terence
  1199 | D:2      | Reached skill level 4 in Axes
  1199 | D:2      | Reached XP level 4. HP: 19/28 MP: 4/4
  1204 | D:2      | 1204 ||| STAIRDANCE
  1332 | D:2      | 1332 ||| DROPPING +0 club.
  1584 | D:2      | Reached XP level 5. HP: 32/32 MP: 5/5
  1599 | D:2      | 1599 ||| Stepping ~*~*~tactically~*~*~ (stealth).
  1704 | D:2      | Found a runed translucent door.
  1705 | D:2      | Noticed Crazy Yiuf
  1901 | D:2      | 1901 ||| UPGRADING to +0 chain mail.
  1911 | D:2      | 1911 ||| DROPPING +0 scale mail.
  1912 | D:2      | 1912 ||| READING scroll labelled FOIWKE AROTHER.
  1913 | D:2      | 1913 ||| READING scroll labelled APSURGH AREMUD.
  1914 | D:2      | 1914 ||| READING scroll labelled XUMPUG QURGH.
  1994 | D:3      | 1994 ||| Stepping ~*~*~tactically~*~*~ (stealth).
  1995 | D:3      | 1995 ||| Stepping ~*~*~tactically~*~*~ (stealth).
  2019 | D:3      | 2019 ||| READING scroll of enchant weapon.
  2019 | D:3      | 2019 ||| ENCHANTING +1 war axe.
  2470 | D:3      | Reached skill level 5 in Axes
  2671 | D:3      | 2671 ||| DRINKING 2 fizzy pink potions.
  2709 | D:4      | 2709 ||| Stepping ~*~*~tactically~*~*~ (stealth).
  2721 | D:4      | Reached XP level 6. HP: 38/39 MP: 6/6
  2820 | D:4      | Noticed Menkaure
  2824 | D:4      | Killed Menkaure
  2825 | D:4      | Reached skill level 6 in Axes
  2832 | D:4      | Found a runed translucent gate.
  2832 | D:4      | Found a runed translucent gate.
  2832 | D:4      | Found a runed translucent gate.
  2834 | D:4      | Found an opulent altar of Gozag.
  2835 | D:4      | Noticed qw's ghost (weakling GrDe)
  2859 | D:4      | 2859 ||| Stepping ~*~*~tactically~*~*~ (hiding).
  2886 | D:4      | Reached skill level 1 in Dodging
  2886 | D:4      | Reached XP level 7. HP: 18/44 MP: 7/7
  3071 | D:4      | 3071 ||| Stepping ~*~*~tactically~*~*~ (stealth).
  3294 | D:4      | Reached skill level 1 in Throwing
  3361 | D:4      | 3361 ||| Stepping ~*~*~tactically~*~*~ (hiding).
  3809 | D:4      | 3809 ||| DROPPING amulet of faith.
  3810 | D:4      | 3810 ||| READING scroll labelled OZUYTO WE AZI.
  3831 | D:5      | Entered Level 5 of the Dungeon
  4089 | D:5      | Found a radiant altar of Vehumet.
  4366 | D:5      | 4366 ||| READING scroll of enchant weapon.
  4366 | D:5      | 4366 ||| ENCHANTING +2 war axe.
  4527 | D:5      | Reached skill level 7 in Axes
  4672 | D:5      | Found a glowing golden altar of the Shining One.
  4790 | D:5      | 4790 ||| UPGRADING to +0 crystal plate armour.
  4800 | D:5      | 4800 ||| DROPPING +0 chain mail.
  4801 | D:5      | 4801 ||| DROPPING ring of flight.
  4802 | D:5      | 4802 ||| DRINKING 2 purple potions.
  4903 | D:5      | 4903 ||| READING 2 scrolls of identify.
  4903 | D:5      | 4903 ||| IDENTIFYING metallic orange potion
  4904 | D:5      | 4904 ||| DROPPING potion of flight.
  4905 | D:5      | 4905 ||| DROPPING potion of ambrosia.
  4966 | D:6      | 4966 ||| STAIRDANCE
  4982 | D:6      | 4982 ||| STAIRDANCE
  5007 | D:6      | 5007 ||| STAIRDANCE
  5134 | D:6      | 5134 ||| Stepping ~*~*~tactically~*~*~ (hiding).
  5145 | D:6      | Reached XP level 8. HP: 26/48 MP: 8/8
  5145 | D:6      | 5145 ||| Stepping ~*~*~tactically~*~*~ (hiding).
  5211 | D:6      | 5211 ||| FLEEEEING.
  5212 | D:6      | 5212 ||| FLEEEEING.
  5213 | D:6      | 5213 ||| FLEEEEING.
  5214 | D:6      | 5214 ||| FLEEEEING.
  5215 | D:6      | 5215 ||| STAIRDANCE
  5216 | D:5      | Found an ancient bone altar of Kikubaaqudgha.
  5216 | D:5      | Found a broken altar of Ashenzari.
  5340 | D:5      | 5340 ||| READING 2 scrolls of identify.
  5340 | D:5      | 5340 ||| IDENTIFYING coppery potion
  5341 | D:5      | 5341 ||| DROPPING potion of invisibility.
  5354 | D:6      | 5354 ||| STAIRDANCE
  5396 | D:6      | 5396 ||| Stepping ~*~*~tactically~*~*~ (stealth).
  5582 | D:6      | Found a runed translucent gate.
  5582 | D:6      | Found a runed translucent gate.
  5582 | D:6      | Found a runed translucent gate.
  5584 | D:6      | Noticed qw's ghost (weakling GrDe)
  5584 | D:6      | Noticed a kobold demonologist
  5638 | D:6      | 5638 ||| Stepping ~*~*~tactically~*~*~ (hiding).
  5641 | D:6      | 5641 ||| Stepping ~*~*~tactically~*~*~ (hiding).
  5682 | D:6      | 5682 ||| Stepping ~*~*~tactically~*~*~ (hiding).
  5684 | D:6      | 5684 ||| Stepping ~*~*~tactically~*~*~ (hiding).
  5902 | D:6      | 5902 ||| Stepping ~*~*~tactically~*~*~ (hiding).
  5903 | D:6      | 5903 ||| Stepping ~*~*~tactically~*~*~ (hiding).
  5910 | D:6      | Reached skill level 6 in Armour
  5914 | D:6      | 5914 ||| Stepping ~*~*~tactically~*~*~ (stealth).
  5922 | D:6      | 5922 ||| Stepping ~*~*~tactically~*~*~ (stealth).
  5924 | D:6      | 5924 ||| Stepping ~*~*~tactically~*~*~ (hiding).
  6101 | D:6      | 6101 ||| UPGRADING to +0 pair of gloves.
  6106 | D:6      | 6106 ||| READING scroll labelled OSADAR CEOTHYN.
  6107 | D:6      | 6107 ||| READING 2 scrolls of identify.
  6107 | D:6      | 6107 ||| IDENTIFYING clear potion
  6108 | D:6      | 6108 ||| DROPPING potion of degeneration.
  6178 | D:7      | Noticed a wyvern
  6194 | D:7      | Killed a wyvern
  6375 | D:7      | Found a staircase to the Ecumenical Temple.
  6376 | D:7      | 6376 ||| PLANNING TEMPLE
  6376 | D:7      | 6376 ||| DRINKING 4 blue potions.
  6378 | D:7      | 6378 ||| FLEEEEING.
  6388 | D:7      | 6388 ||| STAIRDANCE
  6398 | D:7      | Reached skill level 8 in Axes
  6398 | D:7      | 6398 ||| STAIRDANCE
  6432 | Temple   | Entered the Ecumenical Temple
  6611 | Temple   | 6611 ||| PLANNING D:1-11
  6630 | Temple   | Became a worshipper of Warmaster Okawaru
  6684 | D:7      | 6684 ||| Stepping ~*~*~tactically~*~*~ (hiding).
  6695 | D:7      | Reached XP level 9. HP: 47/54 MP: 9/9
  6747 | D:7      | 6747 ||| SWAPPING to +0 broad axe.
  6748 | D:7      | 6748 ||| DROPPING +3 war axe.
  6768 | D:7      | Found Hevoig's Assorted Antiques.
  6774 | D:7      | 6774 ||| BUYING runed whip (187 gold).
  6774 | D:7      | Bought a runed whip for 187 gold pieces
  6774 | D:7      | 6774 ||| BUYING scroll labelled UCSOSTRAURE (34 gold).
  6774 | D:7      | Bought a scroll labelled UCSOSTRAURE for 34 gold pieces
  6774 | D:7      | 6774 ||| DROPPING +0 flail.
  7047 | D:7      | Found a shimmering altar of Xom.
  7260 | D:7      | Noticed a gargoyle
  7261 | D:7      | 7261 ||| Stepping ~*~*~tactically~*~*~ (hiding).
  7264 | D:7      | 7264 ||| Stepping ~*~*~tactically~*~*~ (hiding).
  7273 | D:7      | Reached skill level 6 in Fighting
  7293 | D:7      | 7293 ||| READING scroll labelled TATETZ KOXZIARE.
  7294 | D:7      | 7294 ||| READING scroll labelled UHAMOPR BEIHAST.
  7324 | D:7      | 7324 ||| Stepping ~*~*~tactically~*~*~ (stealth).
  7354 | D:7      | 7354 ||| READING scroll labelled UCSOSTRAURE.
  7355 | D:7      | 7355 ||| DRINKING 2 inky potions.
  7356 | D:7      | 7356 ||| READING 2 scrolls of identify.
  7356 | D:7      | 7356 ||| IDENTIFYING metallic emerald potion
  7357 | D:7      | 7357 ||| DROPPING potion of brilliance.
  7358 | D:7      | 7358 ||| READING 3 scrolls of teleportation.
  7474 | D:7      | 7474 ||| READING scroll of enchant armour.
  7474 | D:7      | 7474 ||| ENCHANTING +0 crystal plate armour.
  7580 | D:7      | Killed a gargoyle
  7580 | D:7      | Reached * piety under Okawaru
  7612 | D:7      | 7612 ||| Stepping ~*~*~tactically~*~*~ (stealth).
  7690 | D:7      | 7690 ||| UPGRADING to +0 pair of boots.
  7746 | D:8      | 7746 ||| STAIRDANCE
  7752 | D:8      | 7752 ||| STAIRDANCE
  7761 | D:7      | Reached skill level 1 in Invocations
  7765 | D:8      | 7765 ||| STAIRDANCE
  7773 | D:8      | 7773 ||| STAIRDANCE
  7787 | D:8      | 7787 ||| STAIRDANCE
  7792 | D:8      | 7792 ||| Stepping ~*~*~tactically~*~*~ (hiding).
  7793 | D:8      | 7793 ||| Stepping ~*~*~tactically~*~*~ (hiding).
  7814 | D:8      | 7814 ||| INVOKING Heroism.
  7972 | D:8      | Identified the +9 rapier of the Wraith {vorpal, rElec rN+}
  7990 | D:8      | 7990 ||| Stepping ~*~*~tactically~*~*~ (stealth).
  7995 | D:8      | Noticed Amaemon
  7995 | D:8      | Noticed an orange demon
  7996 | D:8      | 7996 ||| INVOKING Heroism.
  8015 | D:8      | 8015 ||| INVOKING Heroism.
  8018 | D:8      | HP: 12/55 [orange demon[Amaemon] (8)]
  8019 | D:8      | 8019 ||| READING 2 scrolls of teleportation.
  8022 | D:8      | 8022 ||| READING scroll of teleportation.
  8046 | D:8      | 8046 ||| INVOKING Heroism.
  8052 | D:8      | Killed Amaemon
  8052 | D:8      | Reached ** piety under Okawaru
  8053 | D:8      | Reached XP level 10. HP: 16/60 MP: 8/13
  8054 | D:8      | HP: 15/60 [orange demon[Amaemon] (2)]
  8057 | D:8      | 8057 ||| INVOKING Heroism.
  8059 | D:8      | Killed an orange demon
  8060 | D:8      | Reached skill level 9 in Axes
  8282 | D:8      | 8282 ||| DROPPING +5 whip of electrocution.
  8304 | D:8      | 8304 ||| Stepping ~*~*~tactically~*~*~ (hiding).
  8305 | D:8      | 8305 ||| Stepping ~*~*~tactically~*~*~ (hiding).
  8520 | D:8      | 8520 ||| Stepping ~*~*~tactically~*~*~ (stealth).
  8539 | D:8      | 8539 ||| FLEEEEING.
  8540 | D:8      | 8540 ||| INVOKING Heroism.
  8644 | D:8      | 8644 ||| Stepping ~*~*~tactically~*~*~ (stealth).
  8648 | D:8      | 8648 ||| Stepping ~*~*~tactically~*~*~ (stealth).
  8684 | D:8      | 8684 ||| READING scroll of enchant armour.
  8684 | D:8      | 8684 ||| ENCHANTING +1 crystal plate armour.
  8761 | D:8      | Identified the +2 spear of Fasid {pain, Will++ Int-4}
  8844 | D:8      | 8844 ||| READING scroll labelled ETSATUCZ HAYT.
  8845 | D:8      | 8845 ||| READING scroll labelled LERULI QIWNIA.
  8846 | D:8      | 8846 ||| DRINKING 2 murky ruby potions.
  8914 | D:9      | 8914 ||| FLEEEEING.
  8915 | D:9      | 8915 ||| FLEEEEING.
  8916 | D:9      | 8916 ||| FLEEEEING.
  8917 | D:9      | 8917 ||| FLEEEEING.
  8923 | D:9      | 8923 ||| FLEEEEING.
  8924 | D:9      | 8924 ||| FLEEEEING.
  8929 | D:9      | 8929 ||| FLEEEEING.
  8930 | D:9      | 8930 ||| FLEEEEING.
  8931 | D:9      | 8931 ||| FLEEEEING.
  8932 | D:9      | 8932 ||| FLEEEEING.
  8933 | D:9      | 8933 ||| FLEEEEING.
  8934 | D:9      | 8934 ||| FLEEEEING.
  8935 | D:9      | 8935 ||| FLEEEEING.
  8936 | D:9      | 8936 ||| FLEEEEING.
  8937 | D:9      | 8937 ||| FLEEEEING.
  8938 | D:9      | 8938 ||| FLEEEEING.
  8940 | D:9      | 8940 ||| FLEEEEING.
  8941 | D:9      | 8941 ||| FLEEEEING.
  8949 | D:9      | 8949 ||| STAIRDANCE
  9062 | D:9      | 9062 ||| INVOKING Heroism.
  9233 | D:9      | Identified the +7 glaive "Xyhet" {vorpal, rF+ Int+9}
  9308 | D:9      | 9308 ||| INVOKING Heroism.
  9573 | D:9      | 9573 ||| INVOKING Heroism.
  9578 | D:9      | Reached skill level 9 in Armour
  9925 | D:9      | 9925 ||| INVOKING Heroism.
  9932 | D:9      | Reached *** piety under Okawaru
 10031 | D:9      | 10031 ||| INVOKING Heroism.
 10047 | D:9      | Reached skill level 10 in Axes
 10202 | D:9      | 10202 ||| DRINKING 3 lumpy amethyst potions.
 10265 | D:10     | Entered Level 10 of the Dungeon
 10270 | D:10     | Found a sacrificial altar of Ru.
 10346 | D:10     | 10346 ||| DRINKING 4 potions of curing.
 10346 | D:10     | 10346 ||| (to cure confusion)
 10349 | D:10     | 10349 ||| DRINKING 3 potions of curing.
 10349 | D:10     | 10349 ||| (to cure confusion)
 10350 | D:10     | 10350 ||| DRINKING 2 potions of curing.
 10350 | D:10     | 10350 ||| (to cure confusion)
 10353 | D:10     | 10353 ||| DRINKING potion of curing.
 10353 | D:10     | 10353 ||| (to cure confusion)
 10417 | D:10     | 10417 ||| Stepping ~*~*~tactically~*~*~ (stealth).
 10422 | D:10     | 10422 ||| INVOKING Heroism.
 10448 | D:10     | 10448 ||| INVOKING Heroism.
 10625 | D:10     | 10625 ||| INVOKING Heroism.
 11028 | D:10     | Found a staircase to the Lair.
 11030 | D:10     | 11030 ||| INVOKING Heroism.
 11047 | D:10     | Reached skill level 3 in Throwing
 11314 | D:10     | Found a burning altar of Makhleb.
 11315 | D:10     | Found an ornate altar of the Wu Jian Council.
 11324 | D:10     | 11324 ||| PLANNING LAIR
 11324 | D:10     | 11324 ||| READING 2 scrolls of identify.
 11324 | D:10     | 11324 ||| IDENTIFYING sedimented white potion
 11394 | Lair:1   | Entered Level 1 of the Lair of Beasts
 11394 | Lair:1   | Found a frozen archway.
 11395 | Lair:1   | 11395 ||| INVOKING Heroism.
 11401 | Lair:1   | Noticed Erica
 11406 | Lair:1   | Reached XP level 11. HP: 37/68 MP: 12/14
 11418 | Lair:1   | Killed Erica
 11418 | Lair:1   | Reached **** piety under Okawaru
 11686 | Lair:1   | 11686 ||| INVOKING Heroism.
 11688 | Lair:1   | 11688 ||| Stepping ~*~*~tactically~*~*~ (stealth).
 11698 | Lair:1   | Received a gift from Okawaru
 11784 | Lair:1   | 11784 ||| INVOKING Heroism.
 11929 | Lair:1   | 11929 ||| INVOKING Heroism.
 12126 | Lair:1   | 12126 ||| Stepping ~*~*~tactically~*~*~ (hiding).
 12137 | Lair:1   | Reached skill level 6 in Invocations
 12553 | Lair:1   | 12553 ||| UPGRADING to +2 cloak.
 12563 | Lair:1   | 12563 ||| DROPPING +0 cloak.
 12564 | Lair:1   | 12564 ||| READING scroll labelled QENEZX UCSA.
 12627 | Lair:2   | 12627 ||| Stepping ~*~*~tactically~*~*~ (stealth).
 12629 | Lair:2   | 12629 ||| Stepping ~*~*~tactically~*~*~ (stealth).
 12632 | Lair:2   | 12632 ||| INVOKING Heroism.
 12642 | Lair:2   | Received a gift from Okawaru
 12744 | Lair:2   | 12744 ||| Stepping ~*~*~tactically~*~*~ (stealth).
 12745 | Lair:2   | 12745 ||| Stepping ~*~*~tactically~*~*~ (stealth).
 12746 | Lair:2   | 12746 ||| Stepping ~*~*~tactically~*~*~ (stealth).
 12748 | Lair:2   | 12748 ||| INVOKING Heroism.
 12796 | Lair:2   | 12796 ||| Stepping ~*~*~tactically~*~*~ (stealth).
 12797 | Lair:2   | 12797 ||| Stepping ~*~*~tactically~*~*~ (stealth).
 12799 | Lair:2   | 12799 ||| Stepping ~*~*~tactically~*~*~ (stealth).
 12802 | Lair:2   | 12802 ||| Stepping ~*~*~tactically~*~*~ (stealth).
 12803 | Lair:2   | 12803 ||| Stepping ~*~*~tactically~*~*~ (stealth).
 12804 | Lair:2   | 12804 ||| Stepping ~*~*~tactically~*~*~ (stealth).
 12806 | Lair:2   | 12806 ||| FLEEEEING.
 12820 | Lair:2   | Reached skill level 11 in Axes
 12870 | Lair:2   | 12870 ||| INVOKING Heroism.
 12898 | Lair:2   | Found a staircase to the Swamp.
 12898 | Lair:2   | Noticed a bog body
 12898 | Lair:2   | Noticed a bog body
 12907 | Lair:2   | Killed a bog body
 12907 | Lair:2   | Received a gift from Okawaru
 12909 | Lair:2   | Killed a bog body
 12909 | Lair:2   | Received a gift from Okawaru
 13120 | Lair:2   | Noticed Harold
 13121 | Lair:2   | 13121 ||| INVOKING Heroism.
 13140 | Lair:2   | Killed Harold
 13141 | Lair:2   | Reached skill level 9 in Fighting
 13141 | Lair:2   | Reached XP level 12. HP: 49/76 MP: 16/18
 13296 | Lair:2   | Noticed an eight-headed hydra
 13297 | Lair:2   | 13297 ||| INVOKING Heroism.
 13301 | Lair:2   | 13301 ||| SWAPPING to -1 demon whip of venom.
 13310 | Lair:2   | Killed an eight-headed hydra
 13311 | Lair:2   | 13311 ||| SWAPPING to +0 broad axe.
 13586 | Lair:2   | 13586 ||| Stepping ~*~*~tactically~*~*~ (stealth).
 13596 | Lair:2   | 13596 ||| INVOKING Heroism.
 13835 | Lair:2   | Noticed a five-headed hydra
 13836 | Lair:2   | 13836 ||| INVOKING Heroism.
 13838 | Lair:2   | 13838 ||| SWAPPING to -1 demon whip of venom.
 13840 | Lair:2   | 13840 ||| SWAPPING to +0 broad axe.
 13842 | Lair:2   | 13842 ||| SWAPPING to -1 demon whip of venom.
 13843 | Lair:2   | 13843 ||| Stepping ~*~*~tactically~*~*~ (outnumbered).
 13851 | Lair:2   | Killed a five-headed hydra
 13851 | Lair:2   | Reached ***** piety under Okawaru
 13852 | Lair:2   | 13852 ||| SWAPPING to +0 broad axe.
 13896 | Lair:2   | 13896 ||| INVOKING Heroism.
 13897 | Lair:2   | 13897 ||| INVOKING Finesse.
 13908 | Lair:2   | Reached skill level 9 in Invocations
 14047 | Lair:2   | Noticed a seven-headed hydra
 14047 | Lair:2   | Noticed a catoblepas
 14048 | Lair:2   | 14048 ||| INVOKING Heroism.
 14049 | Lair:2   | 14049 ||| SWAPPING to -1 demon whip of venom.
 14050 | Lair:2   | 14050 ||| INVOKING Finesse.
 14066 | Lair:2   | Killed a seven-headed hydra
 14067 | Lair:2   | 14067 ||| SWAPPING to +0 broad axe.
 14073 | Lair:2   | Killed a catoblepas
 14322 | Lair:2   | 14322 ||| DRINKING 2 lumpy purple potions.
 14322 | Lair:2   | Gained mutation: You sometimes lose your temper in combat.
                  | [potion of mutation]
 14322 | Lair:2   | Gained mutation: You have hidden genetic potential. [potion
                  | of mutation]
 14323 | Lair:2   | 14323 ||| DRINKING potion of mutation.
 14323 | Lair:2   | Lost mutation: You sometimes lose your temper in combat.
                  | [potion of mutation]
 14323 | Lair:2   | Lost mutation: You have hidden genetic potential. [potion
                  | of mutation]
 14323 | Lair:2   | Gained mutation: You passively dampen the noise of your
                  | surroundings. [potion of mutation]
 14323 | Lair:2   | Gained mutation: You have sharp toenails. [potion of
                  | mutation]
 14356 | Lair:3   | 14356 ||| INVOKING Heroism.
 14357 | Lair:3   | 14357 ||| INVOKING Finesse.
 14359 | Lair:3   | 14359 ||| STAIRDANCE
 14409 | Lair:3   | 14409 ||| INVOKING Heroism.
 14410 | Lair:3   | 14410 ||| STAIRDANCE
 14443 | Lair:3   | 14443 ||| READING 2 scrolls of teleportation.
 14447 | Lair:3   | 14447 ||| READING scroll of teleportation.
 14717 | Lair:3   | Reached skill level 12 in Axes
 14961 | Lair:3   | 14961 ||| Stepping ~*~*~tactically~*~*~ (stealth).
 15015 | Lair:3   | Received a gift from Okawaru
 15130 | Lair:3   | 15130 ||| INVOKING Heroism.
 15131 | Lair:3   | 15131 ||| INVOKING Finesse.
 15217 | Lair:3   | 15217 ||| Stepping ~*~*~tactically~*~*~ (stealth).
 15218 | Lair:3   | 15218 ||| INVOKING Heroism.
 15230 | Lair:3   | Reached skill level 6 in Shields
 15282 | Lair:3   | Found a hole to the Spider Nest.
 15287 | Lair:3   | 15287 ||| INVOKING Heroism.
 15362 | Lair:3   | 15362 ||| INVOKING Heroism.
 15366 | Lair:3   | Received a gift from Okawaru
 16047 | Lair:4   | Noticed a six-headed hydra
 16048 | Lair:4   | 16048 ||| STAIRDANCE
 16050 | Lair:3   | 16050 ||| INVOKING Heroism.
 16051 | Lair:3   | 16051 ||| SWAPPING to -1 demon whip of venom.
 16052 | Lair:3   | 16052 ||| INVOKING Finesse.
 16067 | Lair:3   | Killed a six-headed hydra
 16068 | Lair:3   | Reached XP level 13. HP: 54/82 MP: 13/20
 16068 | Lair:3   | 16068 ||| SWAPPING to +0 broad axe.
 16198 | Lair:4   | 16198 ||| STAIRDANCE
 16304 | Lair:4   | 16304 ||| INVOKING Heroism.
 16309 | Lair:4   | Received a gift from Okawaru
 16489 | Lair:4   | 16489 ||| INVOKING Heroism.
 16796 | Lair:4   | Found the +8 whip "Snakebite" {venom, curare, rPois}
 16923 | Lair:4   | 16923 ||| INVOKING Heroism.
 17080 | Lair:4   | Found a runed translucent door.
 17082 | Lair:4   | Found a staircase to the Slime Pits.
 17237 | Lair:4   | 17237 ||| Stepping ~*~*~tactically~*~*~ (hiding).
 17305 | Lair:4   | 17305 ||| INVOKING Heroism.
 17306 | Lair:4   | 17306 ||| SWAPPING to -1 demon whip of venom.
 17318 | Lair:4   | 17318 ||| SWAPPING to +0 broad axe.
 17670 | Lair:4   | 17670 ||| INVOKING Heroism.
 17709 | Lair:4   | Noticed Urug
 17710 | Lair:4   | 17710 ||| INVOKING Heroism.
 17712 | Lair:4   | You fall into a shaft and drop 1 floor!
 17712 | Lair:5   | Entered Level 5 of the Lair of Beasts
 17723 | Lair:5   | HP: 3/82 [komodo dragon (19)]
 17724 | Lair:5   | 17724 ||| READING 2 scrolls of teleportation.
 17725 | Lair:5   | 17725 ||| DRINKING 4 potions of heal wounds.
 17945 | Lair:5   | 17945 ||| UPGRADING to +0 kite shield.
 17955 | Lair:5   | 17955 ||| DROPPING +0 buckler.
 17956 | Lair:5   | 17956 ||| UPGRADING to amulet of reflection.
 17961 | Lair:5   | 17961 ||| DROPPING amulet of magic regeneration.
 17963 | Lair:5   | 17963 ||| INVOKING Heroism.
 17964 | Lair:5   | 17964 ||| INVOKING Finesse.
 17988 | Lair:5   | Received a gift from Okawaru
 18067 | Lair:4   | 18067 ||| Stepping ~*~*~tactically~*~*~ (hiding).
 18070 | Lair:4   | 18070 ||| INVOKING Heroism.
 18071 | Lair:4   | 18071 ||| INVOKING Finesse.
 18084 | Lair:4   | Killed Urug
 18319 | Lair:5   | 18319 ||| INVOKING Heroism.
 18335 | Lair:5   | 18335 ||| Stepping ~*~*~tactically~*~*~ (hiding).
 18336 | Lair:5   | 18336 ||| Stepping ~*~*~tactically~*~*~ (stealth).
 18337 | Lair:5   | 18337 ||| Stepping ~*~*~tactically~*~*~ (hiding).
 18338 | Lair:5   | 18338 ||| Stepping ~*~*~tactically~*~*~ (stealth).
 18567 | Lair:5   | 18567 ||| READING scroll of enchant armour.
 18567 | Lair:5   | 18567 ||| ENCHANTING +2 crystal plate armour.
 18578 | Lair:5   | 18578 ||| INVOKING Heroism.
 18579 | Lair:5   | 18579 ||| INVOKING Finesse.
 18582 | Lair:5   | 18582 ||| SWAPPING to -1 demon whip of venom.
 18588 | Lair:5   | 18588 ||| SWAPPING to +0 broad axe.
 18849 | Lair:5   | 18849 ||| Stepping ~*~*~tactically~*~*~ (stealth).
 18857 | Lair:5   | 18857 ||| INVOKING Heroism.
 19020 | Lair:5   | 19020 ||| READING 3 scrolls of enchant armour.
 19020 | Lair:5   | 19020 ||| ENCHANTING +3 crystal plate armour.
 19021 | Lair:5   | 19021 ||| READING 2 scrolls of enchant armour.
 19021 | Lair:5   | 19021 ||| ENCHANTING +4 crystal plate armour.
 19022 | Lair:5   | 19022 ||| READING scroll of enchant armour.
 19022 | Lair:5   | 19022 ||| ENCHANTING +5 crystal plate armour.
 19064 | Lair:5   | Reached skill level 9 in Shields
 19135 | Lair:5   | 19135 ||| INVOKING Heroism.
 19136 | Lair:5   | 19136 ||| INVOKING Finesse.
 19284 | Lair:5   | Noticed a dire elephant
 19284 | Lair:5   | Noticed a dire elephant
 19286 | Lair:5   | Noticed a dire elephant
 19293 | Lair:5   | Noticed a dire elephant
 19294 | Lair:5   | 19294 ||| INVOKING Heroism.
 19308 | Lair:5   | Killed a dire elephant
 19461 | Lair:5   | 19461 ||| INVOKING Heroism.
 19462 | Lair:5   | 19462 ||| INVOKING Finesse.
 19600 | Lair:5   | 19600 ||| INVOKING Heroism.
 19603 | Lair:5   | 19603 ||| Stepping ~*~*~tactically~*~*~ (water).
 19611 | Lair:5   | HP: 20/82 [dire elephant (4)]
 19612 | Lair:5   | 19612 ||| READING scroll of teleportation.
 19613 | Lair:5   | 19613 ||| DRINKING 3 potions of heal wounds.
 19616 | Lair:5   | Slain by a dire elephant

Levels and vault maps discovered:
D:1:      matt_arrival_refuge, layout_basic, chequers_ecumenical_altar_twisty
D:2:      layout_basic, uniq_crazy_yiuf_cottage, uniq_natasha, uniq_terence
D:3:      layout_loops_ring, minmay_misc_feat_alley
D:4:      layout_gridville, ebering_ghost_gozag, hangedman_decor_riveting,
          kennysheep_generic_room_13, uniq_menkaure
D:5:      layout_basic, marbit_many_paths, nicolae_overflow_hidden_temple,
          minmay_misc_feat_chi
D:6:      layout_cave_pools, gammafunk_ghost_nasty_kobolds
D:7:      minmay_chambers_of_fours, layout_basic, amcnicky_altar_gilded,
          minmay_temple_entry_arrows, serial_shops,
          nicolae_shop_competitors_out_of_business, hex_intersection
D:8:      layout_cave_pools, enter_bailey_2, uniq_amaemon
D:9:      layout_roguey, hex_tiny, minivault_4
D:10:     layout_cave_pools, gammafunk_temple_overflow_forgotten,
          david_lair_shrubbed, fungi_pond_lemuel, palyth_stone_intersect
Temple:   eino_narrow_crystal_temple
Lair:1:   layout_roguey, portal_ice_cave_entry_pillars_1, grunt_megastairs_2,
          uniq_erica
Lair:2:   nzn_winding_woodlands_medium [nzn_winding_woodlands_5x5_open_star,
          nzn_winding_woodlands_5x15_pathside_ponds,
          nzn_winding_woodlands_5x5_cross, nzn_winding_woodlands_5x5_three,
          nzn_winding_woodlands_center_lodge, nzn_winding_woodlands_hourglass,
          nzn_winding_woodlands_5x5_checkerboard,
          nzn_winding_woodlands_5x15_concentric,
          nzn_winding_woodlands_5x5_default], layout_chaotic_city,
          skrybe_swamp_entry_bodies, uniq_harold
Lair:3:   dpeg_oklob_shooting_range, layout_layer_cave,
          spider_nest_entry_web_field, nicolae_quartered_pool_little,
          beast_lair_carwin_5
Lair:4:   minmay_guarded_unrand_snakebite, layout_concentric_octagons,
          slime_entry_2, uniq_urug
Lair:5:   due_jungle_book, layout_cave_shapes, serial_bayou_shore_b,
          infiniplex_staircase_pool

Skill      XL: |  1  2  3  4  5  6  7  8  9 10 11 12 13 |
---------------+----------------------------------------+-----
Axes           | 2 3 4 5 6 7 8 10 11 12 | 12.9
Fighting       | 4 5 6 8 9 10 | 10.0
Dodging        | 1 |  1.3
Throwing       | 1 2 3 4 5 |  5.0
Armour         | 4 6 8 9 10 11 | 11.1
Invocations    | 4 8 10 | 10.0
Shields        | 5 6 10 | 10.5

Action                   |  1- 3 |  4- 6 |  7- 9 | 10-12 | 13-15 || total
-------------------------+-------+-------+-------+-------+-------++-------
Melee: War axe           |    40 |   134 |   144 |       |       ||   318
       Broad axe         |       |       |   106 |   577 |   317 ||  1000
       Demon whip        |       |       |       |    48 |    14 ||    62
Throw: Javelin           |       |       |    33 |    79 |    45 ||   157
Invok: Heroism           |       |       |     4 |    31 |    15 ||    50
       Finesse           |       |       |       |     5 |     5 ||    10
  Use: Scroll            |     2 |     4 |    14 |     7 |     6 ||    33
       Potion            |       |     1 |     3 |     8 |     2 ||    14
Armor: Scale mail        |    36 |    19 |       |       |       ||    55
       Chain mail        |       |    72 |    27 |       |       ||    99
       Crystal plate arm |       |       |   200 |   584 |   226 ||  1010
Dodge: Dodged            |    26 |    54 |    64 |   150 |    62 ||   356
Block: Buckler           |     6 |    23 |    53 |   172 |    45 ||   299
       Kite shield       |       |       |       |       |   135 ||   135
       Reflection        |       |       |       |       |     2 ||     2

Table legend:
 A = Non-vault XP
 B = Vault XP
 C = Vault XP percentage of total XP
 D = Non-vault monster count
 E = Vault monster count
 F = Vault count percentage of total count
                 A         B        C        D         E       F
            +---------+---------+-------+---------+---------+-------
      Total |   30863 |   20780 |  40.2 |     277 |      68 |  19.7
            +---------+---------+-------+---------+---------+-------
        D:1 |      26 |      37 |  58.7 |      13 |       1 |   7.1
        D:2 |      77 |      36 |  31.9 |      15 |       1 |   6.2
        D:3 |      59 |       0 |   0.0 |      20 |       0 |   0.0
        D:4 |     384 |     179 |  31.8 |      23 |       2 |   8.0
        D:5 |     321 |       3 |   0.9 |      13 |       1 |   7.1
        D:6 |     667 |       0 |   0.0 |      21 |       0 |   0.0
        D:7 |     864 |     965 |  52.8 |      20 |       6 |  23.1
        D:8 |     725 |    1180 |  61.9 |      20 |       2 |   9.1
        D:9 |    1855 |       0 |   0.0 |      28 |       0 |   0.0
       D:10 |     752 |     350 |  31.8 |      12 |       1 |   7.7
     Lair:1 |    2789 |    2525 |  47.5 |      15 |      10 |  40.0
     Lair:2 |    3860 |    7983 |  67.4 |      14 |      19 |  57.6
     Lair:3 |    4742 |    1821 |  27.7 |      23 |      10 |  30.3
     Lair:4 |    3783 |    2009 |  34.7 |       9 |       9 |  50.0
     Lair:5 |    9959 |    3692 |  27.0 |      31 |       6 |  16.2
            +---------+---------+-------+---------+---------+-------
